 Dungeon Crawl Stone Soup version 0.28-a0-794-gafe8c5f9e9 (webtiles) character file.

Game seed: 18256245449570510929

11 kae the Caller (level 2, 0/16 HPs)
             Began as a Tengu Summoner on Nov 5, 2021.
             Succumbed to a goblin's poison
             ... on level 1 of the Dungeon.
             The game lasted 00:00:40 (622 turns).

kae the Caller (Tengu Summoner)                      Turns: 622, Time: 00:00:41

Health: 0/16       AC:  2    Str:  8    XL:     2   Next: 25%
Magic:  5/6        EV: 12    Int: 15    God:
Gold:   15         SH:  0    Dex: 14    Spells: 4/5 levels left

rFire   . . .      SeeInvis .   (no weapon)
rCold   . . .      Faith    .   (no shield)
rNeg    . . .      Spirit   .   a - +0 robe
rPois   .          Reflect  .   (helmet restricted)
rElec   .          Harm     .   (no cloak)
rCorr   .          Rampage  .   (no gloves)
Will    .....                   (boots unavailable)
Stlth   ++........              (no amulet)
HPRegen 0.05/turn               (no ring)
MPRegen 0.10/turn               (no ring)

@: lethally poisoned (0 -> -7)
A: beak, talons 3
a: no special abilities


You were on level 1 of the Dungeon.
You visited 1 branch of the dungeon, and saw 1 of its levels.

You collected 15 gold pieces.

Inventory:

Armour
 a - a +0 robe (worn)
Scrolls
 c - a scroll of enchant weapon {unknown}


   Skills:
 + Level 0.5 Fighting
 - Level 2.1 Dodging
 + Level 2.2 Stealth
 + Level 2.1 Spellcasting
 * Level 5.1 Summonings


You had 4 spell levels left.
You knew the following spells:

 Your Spells              Type           Power      Damage    Failure   Level
a - Summon Small Mammal   Summ           64%        N/A       2%          1

Your spell library contained the following spells:

 Spells                   Type           Power      Damage    Failure   Level
 Call Imp                 Summ           16%        N/A       4%          2
 Call Canine Familiar     Summ           16%        N/A       9%          3
 Summon Guardian Golem    Hex/Summ       9%         N/A       22%         3
 Summon Lightning Spire   Summ/Air       9%         N/A       58%         4


Dungeon Overview and Level Annotations

Branches:
Dungeon (1/15)

Altars:


Innate Abilities, Weirdness & Mutations

You have a beak for a mouth.
You have claws for feet.


Message History

You are too injured to fight recklessly!
There is a lethal amount of poison in your body!
You are too injured to fight recklessly!
You are too injured to fight recklessly!
There is a lethal amount of poison in your body!
You are too injured to fight recklessly!
You are too injured to fight recklessly!
You are too injured to fight recklessly!
You are too injured to fight recklessly!
* * * LOW HITPOINT WARNING * * *
You feel very sick.
* * * LOW HITPOINT WARNING * * *
You feel sick.
It was a potion of curing.
You feel better. The goblin barely misses you.
Press: ? - help, v - describe, . - travel
Here: a goblin, wielding a +2 dagger of venom The floor.
Unknown command.
A kobold comes into view. It is wielding a +0 short sword.
The kobold throws a stone.
The stone barely misses you.
The kobold shouts!
You see here a +0 short sword.
Casting: Summon Small Mammal (safe; 2% risk of failure)
Confirm with . or Enter, or press ? or * to list all spells.
The goblin hits you with a +2 dagger of venom.
You are lethally poisoned!
You swap places.
You feel very sick.
Your bat hits the goblin. The goblin closely misses your bat.
Your bat hits the goblin.
* * * LOW HITPOINT WARNING * * *
You feel very sick.
Your bat barely misses the goblin.
The goblin hits your bat with a +2 dagger of venom.
Your bat dies!
Your bat's corpse disappears in a puff of smoke!
* * * LOW HITPOINT WARNING * * *
You feel sick.
You die...

....###.#.#.#...#
#..##.#
.............)K.# #.K# #
.÷.[###.#.#.##K## #..#.#
##..# ##...###.# #..#.#
.##.# ##..§##g# #..#.#
##..# #.§.§#.######..#.#
#...# #.§§........#..#.#
..###
########.##....#.## ..
#@##..#....# .##
#.##>......# .# ##
#.#####.##.# . .. #.#
#.##.# #. ##.## #.##.#
#.#####.†.####.##.#
#.#........K...##.#
######>#.###...#######.#
..............## #.#


You could see a goblin.

Vanquished Creatures
  A dart slug (D:1)
  An endoplasm (D:1)
  A goblin (D:1)
  A kobold (D:1)
  3 ball pythons (D:1)
  A rat (D:1)
8 creatures vanquished.

Vanquished Creatures (collateral kills)
  A rat (D:1)
1 creature vanquished.

Grand Total: 9 creatures vanquished

Notes
Turn   | Place    | Note
-------+----------+-------------------------------------------
     0 | D:1      | kae the Tengu Summoner began the quest for the Orb.
     0 | D:1      | Reached XP level 1. HP: 10/10 MP: 4/4
    35 | D:1      | Found a faded altar of an unknown god.
   252 | D:1      | Reached skill level 5 in Summonings
   252 | D:1      | Reached XP level 2. HP: 10/16 MP: 6/6
   622 | D:1      | Succumbed to a goblin's poison

Illustrated notes

Levels and vault maps discovered:
D:1:      erik_arrival_blinker_ship, layout_loops_ring,
          ebering_ecumenical_altar_mist

Skill      XL: |  1 |
---------------+----+-----
Summonings     | 5 |  5.1
Fighting       | |  0.5
Dodging        | |  2.1
Stealth        | |  2.2
Spellcasting   | |  2.1

Action                   || total
-------------------------++-------
Melee: Unarmed           ||    24
       Kick              ||     7
       Peck              ||     6
 Cast: Summon Small Mamm ||     9
  Use: Potion            ||     1
Armor: Robe              ||     2
Dodge: Dodged            ||    15

Table legend: (Time is in decaauts)
 A = Elapsed time spent in this place.
 B = Non-inter-level travel time spent in this place.
 C = Inter-level travel time spent in this place.
 D = Time resting spent in this place.
 E = Time spent auto-exploring this place.
 F = Levels seen in this place.
 G = Mean time per level.
                   A        B        C        D        E       F      G
               +--------+--------+--------+--------+--------+-----+--------+
         Total |    622 |    622 |      0 |    188 |    308 |   1 |  622.0 |
       Dungeon |    622 |    622 |      0 |    188 |    308 |   1 |  622.0 |
               +--------+--------+--------+--------+--------+-----+--------+

Top non-repeatable levels by time:
     D:1: 622 daAuts
